 Dungeon Crawl Stone Soup version 0.30-a0-918-g0ff054e9dc (webtiles) character file.

Game seed: 7141237485208579493

119 lunkers the Slasher (level 5, -10/45 HPs)
             Began as a Meteoran Fighter on Mar 20, 2023.
             Mangled by an ogre
             ... wielding a +0 giant club
              (26 damage)
             ... on level 3 of the Dungeon.
             The game lasted 00:02:58 (892 turns).

lunkers the Slasher (Meteoran Fighter)               Turns: 892, Time: 00:02:59

Health: -10/45     AC: 15    Str: 17    XL:     5   Next: 49%
Magic:  6/6        EV:  9    Int: 10    God:
Gold:   73         SH:  5    Dex: 15    Spells: 4/4 levels left

rFire   . . .      SeeInvis .    a - +0 long sword (protect)
rCold   . . .      Faith    .    c - +0 buckler
rNeg    . . .      Spirit   .    b - +0 scale mail
rPois   .          Reflect  .    (no helmet)
rElec   .          Rampage  .    l - +0 cloak
rCorr   .                        (no gloves)
Will    .....                    (no boots) Stlth
                                 (no amulet)
HPRegen 0.27/turn                (no ring)
MPRegen 0.10/turn                (no ring)

@: under a protective aura, glowing
A: sense surroundings 1, otherworldly, glowing, explore regen
a: no special abilities


You were on level 3 of the Dungeon.
You visited 1 branch of the dungeon, and saw 3 of its levels.

You collected 73 gold pieces.

Inventory:

Hand Weapons
 a - a +0 long sword of protection (weapon)
Armour
 b - a +0 scale mail (worn)
 c - a +0 buckler (worn)
 l - a +0 cloak (worn)
Scrolls
 g - 2 scrolls of identify
Potions
 d - a potion of might
 j - 2 potions of berserk rage


   Skills:
 - Level 3.2 Fighting
 + Level 6.1 Long Blades
 - Level 3.6 Armour
 - Level 3.6 Shields


You had 4 spell levels left.
You didn't know any spells.
Your spell library contained the following spells:

 Spells                   Type           Power      Damage    Failure   Level
 Magic Dart               Conj           0%         1d3       86%         1
 Slow                     Hex            0%         N/A       86%         1
 Call Imp                 Summ           0%         N/A       94%         2
 Confusing Touch          Hex            0%         N/A       99%         3
 Mephitic Cloud           Conj/Pois/Air  0%         N/A       99%         3
 Vampiric Draining        Necr           0%         2d6       99%         3


Dungeon Overview and Level Annotations

Branches:
Dungeon (3/15) Zot: 877

Altars:
The Shining One


Innate Abilities, Weirdness & Mutations

You passively map a small area around you.
You are easily found by Zot.
You glow in the dark.
You regain HP and MP as you explore.


Message History

You kill the bat!
You barely miss the hobgoblin. The hobgoblin barely misses you.
You hit the hobgoblin.
The hobgoblin is moderately wounded.
The hobgoblin hits you but does no damage.
You barely miss the hobgoblin.
The hobgoblin is moderately wounded.
You feel your willpower return.
An orc comes into view. It is wielding a +0 dagger.
The hobgoblin closely misses you.
You slash the hobgoblin!
You kill the hobgoblin!
You hit the ogre.
The ogre is lightly wounded.
The ogre closely misses you.
You hit the ogre.
The ogre is lightly wounded.
The ogre hits you with a +0 giant club!
You hit the ogre but do no damage.
The ogre is lightly wounded.
You block the ogre's attack.
You hit the ogre but do no damage.
The ogre is lightly wounded.
You hit the ogre.
The ogre is moderately wounded.
The ogre barely misses you.
You slash the ogre!
The ogre is heavily wounded.
The ogre hits you with a +0 giant club!!
* * * LOW HITPOINT WARNING * * *
You hit the ogre.
The ogre is heavily wounded.
The ogre barely misses you.
You hit the ogre.
The ogre is heavily wounded.
You slash the ogre!
The ogre is almost dead.
The ogre hits you with a +0 giant club!!
Ouch! That really hurt!
You die...

*,,,,,,+,,,',,,,**,,*,,,*,,*
*,,*,,,*,,,*.#*,,,,,*,*,,,,*
*****'****##.,,,,**,,,*,,*,*
*,,,,,,,,,...,,,,,,,,,,,,*,,
*******,**#..**,***,***,,,,,
*,,##.##*,***,**<,,***
**,,oro,,,,,,,*,,,,,**
***#O#**,**,,**,,,*** #@#
*,**,,,,,,,,,,
######.###,***,***,,***
#........#,,,,,* *,,***
#.####.#.#********,,,,,
#.####.#.## **,,,***
#.........# **,,,,,**
#<###.##..# **,,,,,,,* #.#
#.#,..#***,,,,,,,,,
#.#*#..,,...,+,,,,,,,,,


You could see an ogre, 2 orcs and a rat.

Vanquished Creatures
  Jessica (D:2)
  4 gnolls
  A worm (D:2)
  2 dart slugs
  2 ball pythons
  7 bats
  7 endoplasms
  3 giant cockroaches
  4 goblins (D:2)
  4 hobgoblins
  A quokka (D:2)
  A frilled lizard (D:2)
  6 kobolds
  3 rats
46 creatures vanquished.

Notes
Turn   | Place    | Note
-------+----------+-------------------------------------------
     0 | D:1      | lunkers the Meteoran Fighter began the quest for the Orb.
     0 | D:1      | Reached XP level 1. HP: 19/19 MP: 2/2
     1 | D:1      | Found a glowing golden altar of the Shining One.
    66 | D:1      | Reached skill level 3 in Long Blades
    66 | D:1      | Reached XP level 2. HP: 25/26 MP: 3/3
   274 | D:1      | Reached XP level 3. HP: 25/31 MP: 4/4
   293 | D:2      | Reached skill level 4 in Long Blades
   431 | D:2      | Reached XP level 4. HP: 12/38 MP: 5/5
   433 | D:2      | Reached skill level 5 in Long Blades
   507 | D:2      | Noticed Jessica
   511 | D:2      | Killed Jessica
   512 | D:2      | Reached XP level 5. HP: 39/45 MP: 6/6
   659 | D:2      | Reached skill level 6 in Long Blades
   866 | D:3      | Noticed an ogre
   892 | D:3      | Mangled by an ogre

Illustrated notes

Levels and vault maps discovered:
D:1:      sevenhm_arrival_forest_fort_small_6, layout_loops_corners,
          serial_shops, shop
D:2:      minmay_inner_zag, layout_basic, kennysheep_jessica_study, uniq_terence
D:3:      minmay_thinvault, layout_loops_corners, fedhas_altar_1, serial_shops,
          shop, grunt_decor_cap, corner_web_ring, minmay_misc_feat_diagonals,
          kennysheep_generic_room_15, uniq_ijyb

Skill      XL: |  1  2  3  4  5 |
---------------+----------------+-----
Long Blades    | 3 4 5 6 |  6.1
Fighting       | |  3.2
Armour         | |  3.6
Shields        | |  3.6

Action                     |  1- 3 |  4- 6 || total
---------------------------+-------+-------++-------
  Melee: Long sword        |    70 |    73 ||   143
    Use: Scroll            |       |     6 ||     6
 Armour: Scale mail        |    34 |    30 ||    64
  Dodge: Dodged            |    39 |    26 ||    65
  Block: Buckler           |    27 |    21 ||    48

Table legend: (Time is in decaauts)
 A = Elapsed time spent in this place.
 B = Non-inter-level travel time spent in this place.
 C = Inter-level travel time spent in this place.
 D = Time resting spent in this place.
 E = Time spent auto-exploring this place.
 F = Levels seen in this place.
 G = Mean time per level.
                   A        B        C        D        E       F      G
               +--------+--------+--------+--------+--------+-----+--------+
         Total |    921 |    921 |      0 |      0 |    462 |   3 |  307.0 |
       Dungeon |    921 |    921 |      0 |      0 |    462 |   3 |  307.0 |
               +--------+--------+--------+--------+--------+-----+--------+

Top non-repeatable levels by time:
     D:2: 486 daAuts
     D:1: 385 daAuts
     D:3: 49 daAuts
